 Dungeon Crawl Stone Soup version 0.28.0-53-g5a82cb258f (webtiles) character file.

Game seed: 15797456987064753541

167 SlickNixon the Chopper (level 5, -1/42 HPs)
             Began as a Human Berserker on July 8, 2022.
             Was a Believer of Trog.
             Slain by an orc wizard
             ... wielding a +0 dagger
              (3 damage)
             ... on level 4 of the Dungeon.
             The game lasted 00:16:12 (3401 turns).

SlickNixon the Chopper (Human Berserker)            Turns: 3401, Time: 00:16:13

Health: -1/42      AC:  6    Str: 20    XL:     5   Next: 76%
Magic:  5/5        EV: 11    Int:  7    God:    Trog [**....]
Gold:   86         SH:  0    Dex: 24    Spells: 4/4 levels left

rFire   . . .      SeeInvis .   a - +0 hand axe
rCold   . . .      Faith    .   (no shield)
rNeg    . . .      Spirit   .   g - +0 scale mail
rPois   .          Reflect  .   (no helmet)
rElec   .          Harm     .   (no cloak)
rCorr   .          Rampage  .   (no gloves)
Will    ++...                   (no boots)
Stlth   +.........              (no amulet)
HPRegen 1.14/turn               j - +6 ring of dexterity
MPRegen 0.09/turn               k - +6 ring of dexterity

@: strong-willed, on berserk cooldown, regenerating, slowed, very slow
A: no striking features
a: Renounce Religion, Berserk, Trog's Hand


You were on level 4 of the Dungeon.
You worshipped Trog.
Trog was pleased with you.
You visited 1 branch of the dungeon, and saw 4 of its levels.

You collected 86 gold pieces.

Inventory:

Hand Weapons
 a - a +0 hand axe (weapon)
 i - a +0 mace
Missiles
 c - 56 arrows
 d - 65 stones (quivered)
 l - 2 poisoned darts
Armour
 b - a +0 animal skin
 e - a +0 leather armour
 g - a +0 scale mail (worn)
Jewellery
 j - a +6 ring of dexterity (left hand)
 k - a +6 ring of dexterity (right hand)
Scrolls
 h - 3 scrolls of identify {unknown}
Potions
 f - 2 potions of cancellation {unknown}


   Skills:
 + Level 3.8 Fighting
 + Level 4.5 Axes
 + Level 2.8 Armour
 + Level 2.4 Dodging
 + Level 1.2 Stealth


You had 4 spell levels left.
You didn't know any spells.
Your spell library was empty.

Dungeon Overview and Level Annotations

Branches:
Dungeon (4/15)
 Temple: D:4-7

Altars:


Message History

The orc priest is moderately wounded.
You hit something. You hit the kobold.
The orc priest hits you but does no damage.
The kobold hits you with a +0 dagger.
You hear some strange, mumbled words.
A magic dart appears from out of thin air!
The magic dart hits you but does no damage.
You hit the orc priest but do no damage.
The orc priest is moderately wounded.
You hit the kobold.
You kill the kobold!
Trog accepts your kill.
You closely miss something.
The orc priest calls down the wrath of Beogh upon you.
Beogh smites you! Something hits you but does no damage.
The orc priest calls down the wrath of Beogh upon you.
Beogh smites you!
* * * LOW HITPOINT WARNING * * *
Something hits you.
* * * LOW HITPOINT WARNING * * *
Your skin crawls.
You feel strong-willed. Something hits you but does no damage.
The orc priest hits you but does no damage.
Something hits you but does no damage. x2; The orc priest barely misses you.
You hit the orc priest.
The orc priest is severely wounded.
You hit something. You hit something but do no damage.
Something hits you but does no damage. x2
You hear some strange, mumbled words.
A puff of flame appears from out of thin air!
The puff of flame hits you.
* * * LOW HITPOINT WARNING * * *
The orc priest closely misses you. Something hits you.
* * * LOW HITPOINT WARNING * * *
Your skin crawls.
You feel strong-willed.
The orc priest hits you but does no damage.
Something hits you but does no damage. Something hits you.
You die...

#### ##..####
##.)o.#.##
#..{@)#..##
......{#<)...#
#..##.##.)..##
. #.. ######
#.# #.. #. #


You could see an orc priest.

Vanquished Creatures
  An orc wizard (D:4)
  Natasha (twice) (D:2)
  An adder (D:2)
  An adder skeleton (D:3)
  A worm (D:2)
  2 dart slugs (D:1)
  4 orcs (D:4)
  3 ball pythons (D:1)
  8 endoplasms
  4 giant cockroaches
  3 goblins
  6 hobgoblins
  4 jackals (D:2)
  8 kobolds
  2 quokkas
  4 bats
  2 frilled lizards
  6 rats
62 creatures vanquished.

Vanquished Creatures (others)
  A demonic plant (D:1)
  3 fungi (D:1)
  2 plants (D:1)
  4 toadstools (D:1)
10 creatures vanquished.

Grand Total: 72 creatures vanquished

Notes
Turn   | Place    | Note
-------+----------+-------------------------------------------
     0 | D:1      | SlickNixon the Human Berserker began the quest for the Orb.
     0 | D:1      | Reached XP level 1. HP: 18/18 MP: 1/1
    40 | D:1      | Reached XP level 2. HP: 23/24 MP: 2/2
   650 | D:1      | Reached XP level 3. HP: 16/29 MP: 3/3
  1034 | D:1      | Found a faded altar of an unknown god.
  1687 | D:2      | Reached XP level 4. HP: 17/35 MP: 4/4
  1704 | D:2      | Reached ** piety under Trog
  2044 | D:2      | Noticed Natasha
  2055 | D:2      | Killed Natasha
  2056 | D:2      | Reached skill level 4 in Axes
  2056 | D:2      | Reached skill level 1 in Stealth
  2508 | D:2      | Reached XP level 5. HP: 40/42 MP: 5/5
  2562 | D:2      | Noticed Natasha
  2574 | D:2      | Killed Natasha
  3398 | D:4      | HP: 2/42 [something (3)]
  3401 | D:4      | Slain by an orc wizard

Illustrated notes

Levels and vault maps discovered:
D:1:      ldierk_walled_garden_2, layout_loops_ring,
          shapermc_ecumenical_altar_gd
D:2:      layout_basic, uniq_natasha
D:3:      layout_basic, lemuel_crystal_altar
D:4:      nicolae_cairo_tiling, layout_cave_pools, nicolae_ashenzari_skybound,
          portal_sewer_entry_f

Skill      XL: |  1  2  3  4 |
---------------+-------------+-----
Axes           | 4 |  4.5
Stealth        | 1 |  1.2
Fighting       | |  3.8
Armour         | |  2.8
Dodging        | |  2.4

Action                   |  1- 3 |  4- 6 || total
-------------------------+-------+-------++-------
Melee: Hand axe          |    95 |    82 ||   177
       Punch             |     1 |     2 ||     3
Throw: Stone             |     1 |     3 ||     4
Invok: Berserk           |     2 |     2 ||     4
       Trog's Hand       |       |     2 ||     2
 Stab: Sleeping          |     1 |       ||     1
       Distracted        |     1 |       ||     1
Armor: Animal skin       |    12 |       ||    12
       Leather armour    |     5 |       ||     5
       Scale mail        |       |    38 ||    38
Dodge: Dodged            |    57 |    45 ||   102
